 Dungeon Sprint DCSS version 0.31-a0-344-gd109795599 (webtiles) character file.

Game seed: 14888295898853191525

9636 dialectric the Ninja (level 11, -12/77 HPs)
             Began as an Octopode Brigand on July 21, 2023.
             Was the Champion of Dithmenos.
             Mangled by a 12-headed hydra (17 damage)
             ... while paralysed by a floating eye
             ... in the Dungeon (Sprint I: "Red Sonja").
             The game lasted 00:04:51 (686 turns).

dialectric the Ninja (Octopode Brigand)              Turns: 686, Time: 00:04:52

Health: -12/77     AC:  1    Str:  9    XL:     11   Next: 49%
Magic:  24/24      EV:  2    Int: 12    God:    Dithmenos [******]
Gold:   777        SH:  0    Dex: 23    Spells: 28/28 levels left

rFire   . . .        l - +2 short sword (venom)
rCold   . . .        (no shield)
rNeg    . . .        (helmet restricted)
rPois   .            m - amulet of the acrobat
rElec   .            (no ring)
rCorr   .            (no ring)
SInv    .            (no ring)
Will    .....        (no ring) Stlth #*********
                     (no ring)
HPRegen 0.32/turn    (no ring)
MPRegen 0.19/turn    (no ring)
                     (no ring)

%: no teleportation, acrobat
@: paralysed, wreathed by umbra
A: almost no armour, amphibious, 8 rings, camouflage 1, gelatinous body 1,
(nimble swimmer 1), tentacles, agile 1
a: Renounce Religion, Shadow Step, Shadow Form


You were in the Dungeon.
You worshipped Dithmenos.
Dithmenos was exalted by your worship.
You visited 1 branch You collected 1186 gold pieces.
You spent 409 gold pieces at shops.

Inventory:

Hand Weapons
 a - a +2 dagger
 l - a +2 short sword of venom (weapon)
Missiles
 b - 9 poisoned darts (quivered)
 d - 7 curare-tipped darts
Armour
 q - a +0 buckler of resistance
Jewellery
 m - an amulet of the acrobat (around mantle)
Wands
 c - a wand of light (2)
Scrolls
 i - a scroll of blinking
 j - a scroll of identify {unknown}
 n - a scroll of revelation {unknown}
 o - a scroll of fog {unknown}
Potions
 e - a potion of heal wounds
 f - a potion of haste
 g - 2 potions of magic
 h - a potion of berserk rage
 k - 4 potions of curing
 p - a potion of brilliance {unknown}


   Skills:
 - Level 8.1 Fighting
 + Level 12.1 Short Blades
 - Level 4.6 Throwing
 + Level 7.1 Dodging
 O Level 27 Stealth
 * Level 4.6 Shields
 + Level 9.0 Spellcasting
 + Level 1.2 Invocations
 - Level 2.1 Evocations


You had 28 spell levels left.
You didn't know any spells.
Your spell library was empty.

Dungeon Overview and Level Annotations

Branches:
Dungeon (1/1)

Altars:
Cheibriados
Dithmenos
Elyvilon
Fedhas
Gozag
Hepliaklqana
Kikubaaqudgha
Makhleb
Nemelex Xobeh
Okawaru
Qazlal
Ru
Sif Muna
Trog
Uskayaw
Vehumet
Wu Jian
Xom
Yredelemnul
Zin
The Shining One
Jiyva
Lugonu

Shops:
D (![


Innate Abilities, Weirdness & Mutations

You cannot wear most types of armour.
You are amphibious.
You can wear up to eight rings at the same time.
Your skin changes colour to match your surroundings (Stealth+).
Your rubbery body absorbs attacks. (AC +1, EV +1)
((You are camouflaged when in or above water. (Stealth+)))
You have tentacles for arms and can constrict up to eight enemies at once.
You are agile. (Dex +4, Str/Int -1)


Message History

Your Dodging skill increases to level 7!
Your Shields skill increases to level 4!
The helpless hog fails to defend itself.
You spit the hog like the proverbial pig!!!!!
You kill the hog!
Dithmenos accepts your kill.
Your Short Blades skill increases to level 12!
You see here a hog corpse.
The helpless hog fails to defend itself.
You spit the hog like the proverbial pig!!!!!
You kill the hog!
Dithmenos accepts your kill.
Okay, then.
You see here a hog corpse.
You open the door.
A 12-headed hydra and a floating eye come into view.
Found 54 gold pieces.
The 12-headed hydra roars!
The floating eye turns its gaze towards you.
The 12-headed hydra completely misses you.
The 12-headed hydra bites you!
The 12-headed hydra completely misses you.
The 12-headed hydra misses you.
The 12-headed hydra completely misses you. x2
The 12-headed hydra bites you!
You emit a cloud of dark smoke.
The 12-headed hydra completely misses you.
The 12-headed hydra misses you.
The 12-headed hydra completely misses you. x2
The 12-headed hydra barely misses you. The floating eye's view fixates on you.
There is an open door, spattered with blood here.
The floating eye gazes piercingly through you!
You suddenly lose the ability to move!
The 12-headed hydra bites you! x2; The 12-headed hydra bites you.
The 12-headed hydra bites you! x2
* * * LOW HITPOINT WARNING * * *
You emit a cloud of dark smoke.
The 12-headed hydra bites you!
* * * LOW HITPOINT WARNING * * *
The 12-headed hydra bites you!
You die...

#####################
§)#.(#§.§.§†§§§§@DG§#
..##'#.####§§§§§##§§+
..'††#§# ##††§## ###
###†.§§# ###+#
.##+#### .# .# §###
.'§#


You could see a 12-headed hydra and a floating eye.

Vanquished Creatures
  2 centaur warriors (D)
  4 demonic crawlers (D)
  Sonja (D)
  A deep troll (D)
  A lindwurm (D)
  An oklob plant (D)
  A shining eye (D)
  2 kobold demonologists (D)
  A hornet (D)
  A slime creature (D)
  Sigmund (D)
  13 hogs (D)
  A yak (D)
  2 redbacks (D)
  4 floating eyes (D)
  An ogre (D)
  8 jellies (D)
  Ijyb (D)
  A ballistomycete spore (D)
47 creatures vanquished.

Vanquished Creatures (others)
  A gargoyle (D)
  A ballistomycete spore (D)
2 creatures vanquished.

Grand Total: 49 creatures vanquished

Notes
Turn   | Place    | Note
-------+----------+-------------------------------------------
     0 | D        | dialectric the Octopode Brigand began the quest for the
                  | Orb.
     0 | D        | Reached XP level 1. HP: 14/14 MP: 1/1
     2 | D        | Noticed Ijyb
    12 | D        | Killed Ijyb
    13 | D        | Reached skill level 8 in Stealth
    13 | D        | Reached XP level 2. HP: 6/20 MP: 2/2
    13 | D        | Reached XP level 3. HP: 8/25 MP: 3/3
    85 | D        | Noticed an ogre
    87 | D        | Killed an ogre
    88 | D        | Reached skill level 11 in Stealth
    88 | D        | Reached XP level 4. HP: 31/31 MP: 4/4
   100 | D        | Noticed Sigmund
   102 | D        | Killed Sigmund
   103 | D        | Reached skill level 15 in Stealth
   103 | D        | Reached XP level 5. HP: 37/37 MP: 5/5
   103 | D        | Reached XP level 6. HP: 43/43 MP: 6/6
   114 | D        | Found a shimmering blue altar of Sif Muna.
   115 | D        | Found an ornate altar of the Wu Jian Council.
   116 | D        | Found a radiant altar of Vehumet.
   147 | D        | Found Kerchol's Distillery.
   147 | D        | Found an ancient bone altar of Kikubaaqudgha.
   147 | D        | Found a hazy altar of Hepliaklqana.
   147 | D        | Found a hide-covered altar of Uskayaw.
   147 | D        | Found a basalt altar of Yredelemnul.
   147 | D        | Found an opulent altar of Gozag.
   147 | D        | Found a snail-covered altar of Cheibriados.
   147 | D        | Found a sacrificial altar of Ru.
   147 | D        | Found a shadowy altar of Dithmenos.
   147 | D        | Noticed a yak
   148 | D        | Found a stormy altar of Qazlal.
   148 | D        | Found a blossoming altar of Fedhas.
   148 | D        | Found a bloodstained altar of Trog.
   148 | D        | Found an iron altar of Okawaru.
   148 | D        | Found a glowing golden altar of the Shining One.
   148 | D        | Found a glowing silver altar of Zin.
   148 | D        | Found a white marble altar of Elyvilon.
   149 | D        | Killed a yak
   150 | D        | Reached skill level 17 in Stealth
   150 | D        | Reached skill level 1 in Evocations
   150 | D        | Reached XP level 7. HP: 34/49 MP: 7/7
   150 | D        | Found a sparkling altar of Nemelex Xobeh.
   156 | D        | Became a worshipper of Dithmenos the Shadowed
   172 | D        | Found a burning altar of Makhleb.
   172 | D        | Found a shimmering altar of Xom.
   172 | D        | Noticed a slime creature
   173 | D        | Found a viscous altar of Jiyva.
   173 | D        | Found a corrupted altar of Lugonu.
   175 | D        | Killed a slime creature
   176 | D        | Reached skill level 5 in Fighting
   176 | D        | Reached skill level 18 in Stealth
   188 | D        | Noticed a kobold demonologist
   189 | D        | Noticed a kobold demonologist
   192 | D        | Reached skill level 5 in Short Blades
   192 | D        | Reached skill level 19 in Stealth
   192 | D        | Killed a kobold demonologist
   192 | D        | Reached * piety under Dithmenos
   193 | D        | Reached skill level 20 in Stealth
   193 | D        | Reached XP level 8. HP: 53/56 MP: 8/8
   194 | D        | Killed a kobold demonologist
   195 | D        | Reached skill level 21 in Stealth
   211 | D        | Noticed Sonja
   215 | D        | Killed Sonja
   215 | D        | Reached ** piety under Dithmenos
   216 | D        | Reached skill level 23 in Stealth
   216 | D        | Reached XP level 9. HP: 62/62 MP: 9/9
   229 | D        | Noticed a deep troll
   233 | D        | Killed a deep troll
   234 | D        | Reached skill level 24 in Stealth
   243 | D        | Found Femat's Armour Emporium.
   324 | D        | Found Duschu's Antique Weapon Boutique.
   338 | D        | Noticed a shining eye
   338 | D        | Noticed a shining eye
   338 | D        | Noticed a shining eye
   339 | D        | Noticed a shining eye
   339 | D        | Noticed a shining eye
   339 | D        | Noticed a shining eye
   340 | D        | Noticed a shining eye
   340 | D        | Noticed a shining eye
   341 | D        | Killed a shining eye
   342 | D        | Reached skill level 25 in Stealth
   342 | D        | Gained mutation: You are agile. (Dex +4, Str/Int -1) [a
                  | shining eye]
   345 | D        | Paralysed by a floating eye for 2 turns
   354 | D        | Reached *** piety under Dithmenos
   363 | D        | Noticed a centaur warrior
   365 | D        | Noticed a centaur warrior
   369 | D        | Killed a centaur warrior
   370 | D        | Reached skill level 26 in Stealth
   370 | D        | Reached XP level 10. HP: 71/71 MP: 10/10
   370 | D        | Killed a centaur warrior
   371 | D        | Reached skill level 27 in Stealth
   378 | D        | Reached skill level 1 in Spellcasting
   387 | D        | Noticed an oklob plant
   389 | D        | Killed an oklob plant
   389 | D        | Reached **** piety under Dithmenos
   400 | D        | Reached skill level 5 in Dodging
   408 | D        | Killed a gargoyle
   441 | D        | Found the +4 skin of Zhor {*Englaciate rC+++ SInv}
   445 | D        | Reached ***** piety under Dithmenos
   469 | D        | Reached skill level 5 in Spellcasting
   500 | D        | Noticed a demonic crawler
   500 | D        | Noticed a demonic crawler
   500 | D        | Noticed a demonic crawler
   500 | D        | Noticed a demonic crawler
   502 | D        | Killed a demonic crawler
   503 | D        | Killed a demonic crawler
   505 | D        | Killed a demonic crawler
   506 | D        | Reached skill level 10 in Short Blades
   506 | D        | Reached XP level 11. HP: 72/77 MP: 17/22
   506 | D        | Killed a demonic crawler
   506 | D        | Reached ****** piety under Dithmenos
   521 | D        | Noticed a lindwurm
   531 | D        | Killed a lindwurm
   586 | D        | Bought a +0 buckler of resistance for 409 gold pieces
   668 | D        | Reached skill level 1 in Shields
   670 | D        | Reached skill level 1 in Invocations
   683 | D        | Noticed a 12-headed hydra
   685 | D        | Paralysed by a floating eye for 3 turns
   686 | D        | Mangled by a 12-headed hydra

Illustrated notes

Levels and vault maps discovered:
D:        dungeon_sprint_1 [red_sonja_temple_1, red_sonja_temple_small_1]

Skill      XL: |  1  2  3  4  5  6  7  8  9 10 11 |
---------------+----------------------------------+-----
Stealth        | 8 11 15 17 20 23 26 27 | 27.0
Fighting       | 3 4 5 6 7 8 |  8.1
Short Blades   | 3 4 5 6 7 10 12 | 12.1
Throwing       | 3 4 |  4.6
Dodging        | 2 3 4 5 7 |  7.1
Evocations     | 1 2 |  2.1
Spellcasting   | 7 9 |  9.0
Shields        | 4 |  4.6
Invocations    | 1 |  1.2

Action                     |  1- 3 |  4- 6 |  7- 9 | 10-12 || total
---------------------------+-------+-------+-------+-------++-------
  Melee: Dagger            |     6 |     2 |     5 |       ||    13
         Tentacles         |     1 |       |     3 |     3 ||     7
         Constrict         |     1 |       |     2 |       ||     3
         Punch             |     1 |       |     1 |     1 ||     3
         Short sword       |       |       |    10 |    37 ||    47
  Throw: Dart              |     3 |       |     2 |       ||     5
 Invoke: Shadow Step       |       |       |       |     1 ||     1
  Evoke: Wand              |       |     2 |       |     3 ||     5
    Use: Potion            |     1 |       |       |       ||     1
   Stab: Sleeping          |     2 |     2 |     8 |    26 ||    38
         Invisible         |       |       |       |     1 ||     1
 Armour: Skin              |       |       |       |     1 ||     1
  Dodge: Dodged            |     3 |     1 |       |    24 ||    28

Table legend: (Time is in decaauts)
 A = Elapsed time spent in this place.
 B = Non-inter-level travel time spent in this place.
 C = Inter-level travel time spent in this place.
 D = Time resting spent in this place.
 E = Time spent auto-exploring this place.
 F = Levels seen in this place.
 G = Mean time per level.
                   A        B        C        D        E       F      G
               +--------+--------+--------+--------+--------+-----+--------+
         Total |    662 |    662 |      0 |     66 |      0 |   1 |  662.0 |
       Dungeon |    662 |    662 |      0 |     66 |      0 |   1 |  662.0 |
               +--------+--------+--------+--------+--------+-----+--------+

Top non-repeatable levels by time:
       D: 662 daAuts
